 Dungeon Crawl Stone Soup version 0.27-a0-732-ga892ba84f6 (webtiles) character file.

Game seed: 3385255327279602869

457 Lanoc the Slasher (level 6, 0/49 HPs)
             Began as a Mummy Berserker on Mar 23, 2021.
             Was a Priest of Trog.
             Slain by a gnoll
             ... wielding a +1 flail of holy wrath
              (10 damage)
             ... on level 4 of the Dungeon.
             The game lasted 00:08:29 (5944 turns).

Lanoc the Slasher (Mummy Berserker)                 Turns: 5944, Time: 00:08:30

Health: 0/49       AC:  8    Str: 21    XL:     6   Next: 77%
Magic:  6/6        EV: 13    Int:  6    God:    Trog [***...]
Gold:   229        SH:  0    Dex: 13    Spells: 5/5 levels left

rFire    x . .     SeeInvis .   a - +0 falchion
rCold    + . .     Faith    .   (no shield)
rNeg     + + +     Spirit   .   m - +1 robe {Will+}
rPois    ∞         Reflect  .   (no helmet)
rElec    .         Harm     .   k - +2 cloak
rCorr    .         Rampage  .   (no gloves)
Will     +....                  p - +1 pair of boots
Stlth    +.........             h - amulet of magic regeneration
HPRegen  0.16/turn              (no ring)
MPRegen  0.35/turn              (no ring)

@: no status effects
A: cold resistance 1, negative energy resistance 3, torment resistance 2,
unbreathing 1, heat vulnerability 1, no potions
a: Renounce Religion, Trog's Hand


You were on level 4 of the Dungeon.
You worshipped Trog.
Trog was most pleased with you.
You visited 2 branches of the dungeon, and saw 6 of its levels.

You collected 229 gold pieces.

Inventory:

Hand Weapons
 a - a +0 falchion (weapon)
 e - a +0 short sword of flaming
Missiles
 b - 4 atropa-tipped darts (quivered)
Armour
 k - a +2 cloak (worn)
 m - a +1 robe of willpower (worn)
 p - a +1 pair of boots (worn)
Jewellery
 h - an amulet of magic regeneration (around neck)
Scrolls
 c - a scroll of summoning {unknown}
 d - 2 scrolls of teleportation {unknown}
 f - 3 scrolls of random uselessness {unknown}
 g - 3 scrolls of identify {unknown}
 i - a scroll of noise {unknown}
 j - a scroll of magic mapping {unknown}
 l - a scroll of enchant armour {unknown}
 n - a scroll of silence {unknown}
 o - a scroll of fog {unknown}


   Skills:
 + Level 4.6 Fighting
 * Level 4.9 Long Blades
 - Level 1.5 Armour
 + Level 3.2 Dodging


You had 5 spell levels left.
You didn't know any spells.
Your spell library was empty.

Dungeon Overview and Level Annotations

Branches:
Dungeon (5/15)             Temple (1/1) D:4

Altars:
Elyvilon
Fedhas
Hepliaklqana
Nemelex Xobeh
Trog
Vehumet
Wu Jian
Xom
Yredelemnul
The Shining One


Innate Abilities, Weirdness & Mutations

You are immune to poison.
Your flesh is cold resistant. (rC+)
You are immune to negative energy. (rN+++)
You are immune to unholy pain and torment.
You can survive without breathing.
You are vulnerable to heat. (rF-)
You do not drink.


Message History

Trog accepts your kill.
No target in view!
o - a scroll labelled ERICSUNUANI
Things that are here:
a +0 flail; a +0 leather armour; a fuming pink potion
Found a pair of runed boots.
Found a stone staircase leading down.
You see here a +1 pair of boots.
You start putting on your armour.
You continue putting on your +1 pair of boots. x4
You finish putting on your +1 pair of boots.
You now have 229 gold pieces (gained 20).
There is a stone staircase leading down here.
You see here 17 stones.
Done exploring.
Done exploring.
There is a staircase to the Ecumenical Temple here.
You climb downwards.
Welcome to the Ecumenical Temple!
Found four altars.
There is a staircase back to the Dungeon here.
You climb upwards.
Welcome back to the Dungeon!
There is a staircase to the Ecumenical Temple here.
There is a stone staircase leading up here.
There is a stone staircase leading down here.
You climb downwards.
A worker ant, 5 gnolls and a gnoll sergeant come into view.
The gnoll sergeant is wielding a +2 trident of protection.
A gnoll is wielding a +1 flail of holy wrath.
The gnoll sergeant shouts!
The gnoll shouts! x4
Found 4 gold pieces.
Found an escape hatch in the ceiling.
Found a stone staircase leading up.
There is a stone staircase leading up here.
The gnoll hits you with a +1 flail of holy wrath!
You convulse!!
You climb upwards.
There is a stone staircase leading down here.
You are too injured to fight recklessly!
The gnoll hits you with a +1 flail of holy wrath!
* * * LOW HITPOINT WARNING * * *
You convulse!
You die...

....# ######...#.......#.######
....# ###...#####.#......# ...###
###.## #..#####.. .....######
#..#####..## ##. .....[....##
##.....##..# ##. ....#####..#
#####.###.# #..
........##.######### #.###.###.#
........##.##..g>..## #..##......
...#....##.#....@...####.:.....(#
..##.....#...........##..........
######.#.##..........#..........#
# #...............#........... #
#####[##...........#........... #
#....)###..........#..........#
###.###.####.=.......#..........#
.##.###.#.[................<...##
...<##....####........#..........


You could see a gnoll.

Vanquished Creatures
  A scorpion (D:4)
  A howler monkey (D:4)
  2 hounds (D:4)
  An iguana (D:4)
  2 orc wizards
  3 worker ants (D:3)
  2 hound skeletons (D:4)
  A gnoll (D:1)
  4 adders
  2 dart slugs
  10 orcs
  5 giant cockroaches
  5 goblins
  6 hobgoblins
  2 jackals (D:4)
  8 kobolds
  7 oozes
  5 quokkas
  7 ball pythons
  8 bats
  4 frilled lizards
  5 rats
91 creatures vanquished.

Vanquished Creatures (others)
  14 plants (D:3)
14 creatures vanquished.

Grand Total: 105 creatures vanquished

Notes
Turn   | Place    | Note
-------+----------+-------------------------------------------
     0 | D:1      | Lanoc the Mummy Berserker began the quest for the Orb.
     0 | D:1      | Reached XP level 1. HP: 18/18 MP: 1/1
   491 | D:1      | Reached XP level 2. HP: 22/24 MP: 2/2
  1039 | D:1      | Reached XP level 3. HP: 4/29 MP: 3/3
  1911 | D:2      | Found a shimmering altar of Xom.
  1912 | D:2      | Found a basalt altar of Yredelemnul.
  1914 | D:2      | Found a sparkling altar of Nemelex Xobeh.
  2310 | D:3      | Reached ** piety under Trog
  2613 | D:3      | Reached XP level 4. HP: 35/35 MP: 4/4
  4104 | D:4      | Reached XP level 5. HP: 19/42 MP: 5/5
  4539 | D:3      | HP: 1/42 [something/magic dart (3)]
  4988 | D:4      | Reached XP level 6. HP: 24/48 MP: 6/6
  5524 | D:4      | Reached *** piety under Trog
  5583 | D:4      | Found a blossoming altar of Fedhas.
  5630 | D:4      | Found a staircase to the Ecumenical Temple.
  5907 | Temple   | Entered the Ecumenical Temple
  5940 | D:5      | Entered Level 5 of the Dungeon
  5944 | D:4      | Slain by a gnoll

Illustrated notes

Levels and vault maps discovered:
D:1:      lightli_iron_boxes, layout_basic, minmay_misc_feat_tower
D:2:      layout_basic, tso_oasis_becter,
          chequers_temple_overflow_statue_of_worship, chequers_mini_garden
D:3:      layout_loops_ring, serial_bayou, serial_bayou_ford_a,
          serial_bayou_lagoon_b, serial_bayou_crossing, serial_bayou_shore_b,
          serial_bayou_pond_e, minmay_between
D:4:      layout_rooms, minmay_temple_entry_statues, minmay_ruined_shrine
D:5:      layout_loops_corners, kennysheep_mini, gammafunk_ghost_gnarly_gnolls
Temple:   eino_temple_rhombus

Skill      XL: |  1  2  3  4  5  6 |
---------------+-------------------+-----
Long Blades    | 3 4 |  4.9
Dodging        | 2 3 |  3.2
Fighting       | 4 |  4.6
Armour         | |  1.5

Action                   |  1- 3 |  4- 6 || total
-------------------------+-------+-------++-------
Melee: Falchion          |   130 |   224 ||   354
 Stab: Sleeping          |     3 |       ||     3
Armor: Animal skin       |    35 |    52 ||    87
       Robe              |       |     1 ||     1
Dodge: Dodged            |   112 |   146 ||   258
       Rpst.: Falchion   |    37 |    45 ||    82

Table legend: (Time is in decaauts)
 A = Elapsed time spent in this place.
 B = Non-inter-level travel time spent in this place.
 C = Inter-level travel time spent in this place.
 D = Time resting spent in this place.
 E = Time spent auto-exploring this place.
 F = Levels seen in this place.
 G = Mean time per level.
                   A        B        C        D        E       F      G
               +--------+--------+--------+--------+--------+-----+--------+
         Total |   6032 |   5891 |    141 |    913 |   4147 |   6 | 1005.3 |
       Dungeon |   6031 |   5890 |    141 |    913 |   4147 |   5 | 1206.2 |
        Temple |      1 |      1 |      0 |      0 |      0 |   1 |    1.0 |
               +--------+--------+--------+--------+--------+-----+--------+

Top non-repeatable levels by time:
     D:3: 2379 daAuts
     D:1: 1691 daAuts
     D:4: 1074 daAuts
     D:2: 883 daAuts
     D:5: 2 daAuts
  Temple: 1 daAuts
